 Dungeon Crawl Stone Soup version 0.29.1-2-gbd0b4ee654 (webtiles) character file.

Game seed: 16401251383017821904

22446 Gabide the Thrower (level 13, -6/117 HPs)
             Began as a Ghoul Gladiator on Nov 5, 2022.
             Was a Plaything of Xom.
             Mangled by a naga
             ... wielding a +0 long sword of holy wrath
              (8 damage)
             ... on level 3 of the Lair of Beasts.
             The game lasted 00:43:48 (16411 turns).

Gabide the Thrower (Ghoul Gladiator)               Turns: 16411, Time: 00:43:48

Health: -6/117     AC: 16    Str: 23    XL:     13   Next: 0%
Magic:  0/12       EV: 11    Int:  3    God:    Xom [*.....]
Gold:   1237       SH:  0    Dex: 10    Spells: 12/12 levels left

rFire   . . .      SeeInvis .     - Unarmed
rCold   + . .      Faith    .   (no shield)
rNeg    + + +      Spirit   +   N - +2 scale mail {Will+}
rPois   ∞          Reflect  .   b - +0 helmet
rElec   .          Harm     .   g - +0 cloak
rCorr   .          Rampage  .   (no gloves)
Will    +....                   w - +1 pair of boots
Stlth   ..........              O - amulet of guardian spirit
HPRegen 0.00/turn               l - +4 ring of evasion
MPRegen 0.13/turn               J - +4 ring of protection

@: about to teleport, inhibited regen, constricted
A: claws 1, cold resistance 1, negative energy resistance 3, inhibited
regeneration, torment resistance 2, devour on kill
a: Renounce Religion


You were on level 3 of the Lair of Beasts.
You worshipped Xom.
You were a special plaything of Xom.
You visited 3 branches of the dungeon, and saw 14 of its levels.

You collected 1384 gold pieces.
You spent 147 gold pieces at shops.

Inventory:

Missiles
 a - 18 poisoned darts
 c - 8 throwing nets
 m - 6 silver javelins
 A - 17 boomerangs (quivered)
 E - 5 atropa-tipped darts
 H - 4 javelins
Armour
 b - a +0 helmet (worn)
 d - a +0 hat of willpower
 g - a +0 cloak (worn)
 k - +0 steam dragon scales
 w - a +1 pair of boots (worn)
 N - a +2 scale mail of willpower (worn)
 P - a +0 robe of fire resistance
Jewellery
 l - a +4 ring of evasion (left claw)
 G - a ring of protection from fire
 J - a +4 ring of protection (right claw)
 K - the ring "Kidyzub" {rC+ Str+3}
   (You found it on level 7 of the Dungeon)

   [ring of protection from cold]

   Str:       It affects your strength (+3).
   rC:        It protects you from cold.
 L - a ring of flight
 O - an amulet of guardian spirit (around neck)
Wands
 o - a wand of charming (22)
 p - a wand of flame (9)
 D - a wand of iceblast (13)
 M - a wand of mindburst (29)
 Q - a wand of light (1)
Scrolls
 s - a scroll of silence
 t - a scroll of torment {unknown}
 u - a scroll of blinking
 v - 2 scrolls of enchant weapon
 y - a scroll of poison
 z - a scroll of brand weapon
 C - 3 scrolls of magic mapping
 F - a scroll of noise {unknown}
 I - a scroll of amnesia {unknown}
 S - a scroll of enchant armour
Potions
 e - a potion of haste
 f - 4 potions of curing
 h - a potion of invisibility
 j - 2 potions of magic
 n - a potion of attraction
 q - 2 potions of might
 r - a potion of resistance
 x - 3 potions of cancellation
 B - 2 potions of flight
Miscellaneous
 R - a tin of tremorstones (2/2)


   Skills:
 + Level 11.9 Fighting
 * Level 14.0 Throwing
 - Level 3.0 Dodging
 + Level 12.1 Unarmed Combat


You had 12 spell levels left.
You didn't know any spells.
Your spell library contained the following spells:

 Spells                   Type           Power      Damage    Failure   Level
 Poisonous Vapours        Pois/Air       0%         N/A       94%         2
 Static Discharge         Conj/Air       0%         3-3/arc   94%         2
 Confusing Touch          Hex            0%         N/A       99%         3
 Ignite Poison            Fire/Tmut/Pois 0%         N/A       99%         3
 Mephitic Cloud           Conj/Pois/Air  0%         N/A       99%         3
 Summon Guardian Golem    Hex/Summ       0%         N/A       99%         3
 Corpse Rot               Necr/Pois/Air  0%         N/A       100%        4
 Freezing Cloud           Conj/Ice/Air   0%         6-21      100%        5
 Lightning Bolt           Conj/Air       0%         1d11      100%        5
 Summon Forest            Summ/Tloc      0%         N/A       100%        5
 Summon Mana Viper        Hex/Summ       0%         N/A       100%        5
 Yara's Violent Unravell  Hex/Tmut       0%         3d3       100%        5
 Summon Cactus Giant      Summ           0%         N/A       100%        6
 Enfeeble                 Hex            0%         N/A       100%        7
 Orb of Destruction       Conj           0%         9d5       100%        7
 Spellforged Servitor     Conj/Summ      0%         N/A       100%        7
 Maxwell's Capacitive Co  Air            0%         ∞         100%        8


Dungeon Overview and Level Annotations

Branches:
Dungeon (10/15)            Temple (1/1) D:6            Lair (3/5) D:8
 Shoals (0/4) Lair:2        Snake (0/4) Lair:3
    Orc: D:9-12

Altars:
Ashenzari
Cheibriados
Dithmenos
Fedhas
Gozag
Hepliaklqana
Kikubaaqudgha
Makhleb
Nemelex Xobeh
Okawaru
Qazlal
Ru
Sif Muna
Trog
Uskayaw
Vehumet
Wu Jian
Xom
Yredelemnul

Shops:
D:5 *   D:6 (

Annotations:
D:10 1 runed translucent door, caveywoolpert's ghost, novice HOFi
Lair:3 exclusion: 2 oklob plants


Innate Abilities, Weirdness & Mutations

You are immune to poison.
You have sharp fingernails.
Your flesh is cold resistant. (rC+)
You are immune to negative energy. (rN+++)
You do not regenerate when monsters are visible.
You are immune to unholy pain and torment.
You thrive by killing the living.


Message History

The naga hits you with a +0 dire flail!
* * * LOW HITPOINT WARNING * * *
Things that are here:
a +0 dire flail; a +0 robe; a wolf corpse
Okay, then.
Unknown command.
Press: ? - help, v - describe, . - travel
Here: a naga, wielding a +0 dire flail and wearing a +0 robe (lightly wounded)
The floor.
As you read the scroll of teleportation, it crumbles to dust.
You feel strangely unstable.
Xom chortles.
The naga's +0 dire flail erupts in a glittering mayhem of colour.
The naga hits you with a +0 long sword of holy wrath.
* * * LOW HITPOINT WARNING * * *
You convulse.
* * * LOW HITPOINT WARNING * * *
The naga constricts you.
* * * LOW HITPOINT WARNING * * *
The naga hits you with a +3 dire flail of chaos.
* * * LOW HITPOINT WARNING * * *
The naga burns you.
* * * LOW HITPOINT WARNING * * *
Okay, then.
Unknown command.
Unknown command.
Throw: 6 darts (atropa)
Press: ? - help, Shift-Dir - straight line, f - naga
Aim: a naga, wielding a +3 dire flail of chaos and wearing a +0 robe (lightly wounded, 69% to hit, chance to blind on hit: 77%)
You throw an atropa-tipped dart. The atropa-tipped dart hits the naga!
The naga resists.
The naga is lightly wounded.
The naga barely misses you. The naga constricts you.
* * * LOW HITPOINT WARNING * * *
The naga closely misses you.
The naga's grasp on you weakens, but your attempt to escape fails.
The naga hits you with a +0 long sword of holy wrath.
* * * LOW HITPOINT WARNING * * *
You convulse!
You die...

. . .............
. .....>...... .#
.......... .....
.......# .....
...... .
.....###...###...
........NN.......
.......††@.......
.......).#..###..
#.......##.P# .
########......#
.##
.#......##.....##
.
.##......#.....##
.#
................#
#
.##.....##......#
..#...#
#......####..


You could see 2 nagas.

Vanquished Creatures
  Kirke (Lair:3)
  Gastronok (D:10)
  A hydra (Lair:1)
  4 death yaks (Lair:1)
  Lodul (D:10)
  3 elephants (Lair:3)
  3 cane toads
  Psyche (D:9)
  3 komodo dragons
  A troll (D:9)
  6 blink frogs (Lair:2)
  A snapping turtle (Lair:2)
  A shadow (D:10)
  32 yaks
  Eustachio (D:4)
  3 hogs (Lair:3)
  4 vampire mosquitoes (D:10)
  A steam dragon (D:10)
  Grum (D:5)
  2 nagas (Lair:3)
  4 water moccasins
  3 orc warriors (D:9)
  An ice beast (D:6)
  A sky beast (D:6)
  A black bear (D:8)
  9 ogres
  4 wolves
  A centaur (D:8)
  3 phantoms
  Blork the orc (D:6)
  2 necrophages
  A gnoll sergeant (D:5)
  2 bullfrogs
  2 scorpions (D:5)
  5 wights
  7 killer bees
  7 electric eels
  A gnoll bouda (D:7)
  13 hounds
  5 orc priests
  6 iguanas
  6 orc wizards
  14 gnolls
  7 adders
  2 white imps
  An ufetubus (D:5)
  A worm (D:2)
  4 dart slugs
  19 orcs
  7 endoplasms
  3 giant cockroaches
  10 goblins
  5 hobgoblins
  2 jackals (D:5)
  6 kobolds
  3 quokkas
  6 ball pythons
  5 bats
  8 frilled lizards
  3 rats
262 creatures vanquished.

Vanquished Creatures (collateral kills)
  3 blink frogs (Lair:2)
  A wyvern (D:7)
  An ice beast (D:7)
  A sky beast (D:7)
  A black bear (D:7)
  3 howler monkeys (D:7)
  2 hounds (D:5)
  An iguana (D:5)
  11 gnolls
  A dart slug (D:5)
  A jackal (D:5)
26 creatures vanquished.

Vanquished Creatures (others)
  A hornet (D:10)
  2 gnoll sergeants (D:5)
  3 wights (D:9)
  A gnoll bouda (D:5)
  A gnoll (D:5)
  13 fungi
  53 plants
74 creatures vanquished.

Grand Total: 362 creatures vanquished

Notes
Turn   | Place    | Note
-------+----------+-------------------------------------------
     0 | D:1      | Gabide the Ghoul Gladiator began the quest for the Orb.
     0 | D:1      | Reached XP level 1. HP: 17/17 MP: 0/0
   215 | D:1      | Reached skill level 2 in Throwing
   258 | D:1      | Reached XP level 2. HP: 25/25 MP: 1/1
   831 | D:2      | Reached XP level 3. HP: 30/30 MP: 2/2
   979 | D:2      | Found a faded altar of an unknown god.
  1257 | D:3      | Reached XP level 4. HP: 34/37 MP: 3/3
  1586 | D:3      | Reached skill level 3 in Throwing
  1910 | D:3      | Found an ornate altar of the Wu Jian Council.
  1957 | D:4      | Noticed a phantom
  1975 | D:3      | Killed a phantom
  1976 | D:3      | Reached XP level 5. HP: 39/45 MP: 4/4
  2078 | D:4      | Noticed Eustachio
  2114 | D:4      | Killed Eustachio
  2115 | D:4      | Reached skill level 4 in Throwing
  2115 | D:4      | Reached XP level 6. HP: 19/52 MP: 5/5
  2414 | D:4      | Reached XP level 7. HP: 40/59 MP: 6/6
  2565 | D:4      | Reached skill level 5 in Unarmed Combat
  2966 | D:5      | Entered Level 5 of the Dungeon
  2988 | D:5      | Reached skill level 5 in Throwing
  3044 | D:5      | Reached skill level 5 in Fighting
  3176 | D:5      | Reached XP level 8. HP: 63/68 MP: 7/7
  3197 | D:5      | Reached skill level 6 in Throwing
  3291 | D:5      | Found Sugyixka's General Store.
  3295 | D:5      | Bought a scroll of magic mapping for 105 gold pieces
  3295 | D:5      | Bought a potion of curing for 42 gold pieces
  3721 | D:5      | Noticed Grum
  3741 | D:5      | Killed Grum
  3987 | D:5      | Found a burning altar of Makhleb.
  4108 | D:5      | Reached skill level 7 in Throwing
  4481 | D:6      | Reached XP level 9. HP: 78/78 MP: 8/8
  4658 | D:6      | Noticed Blork the orc
  4665 | D:6      | Killed Blork the orc
  4949 | D:6      | Reached skill level 8 in Throwing
  5605 | D:6      | Found a staircase to the Ecumenical Temple.
  5625 | Temple   | Entered the Ecumenical Temple
  5751 | Temple   | Became a worshipper of Xom the Begetter of Turbulence
  5877 | D:6      | Found a sparkling altar of Nemelex Xobeh.
  6145 | D:6      | Found Ygercheg's Weapon Shoppe.
  6182 | D:6      | XOM: silly message
  6467 | D:7      | Found a bloodstained altar of Trog.
  6556 | D:7      | Found a radiant altar of Vehumet.
  6556 | D:7      | XOM: 8-stop teleportation journey
  6631 | D:7      | Reached skill level 9 in Throwing
  6742 | D:7      | XOM: god gift: book of the Wilderness
  6769 | D:7      | Identified the ring "Kidyzub" {rC+ Str+3}
  6918 | D:7      | XOM: cloud trail
  7209 | D:8      | XOM: polymorph bullfrog -> killer bee
  7265 | D:8      | XOM: confuse monster(s)
  7270 | D:8      | Reached XP level 10. HP: 88/88 MP: 9/9
  7646 | D:8      | Found a staircase to the Lair.
  8004 | D:8      | XOM is BORED!
  8004 | D:8      | XOM: summons 2 hostile demons
  8765 | D:9      | XOM: summons 8 friendly demons
  8932 | D:9      | XOM: destruction
  8990 | D:9      | XOM: scenery: summon butterflies
  9091 | D:9      | Noticed Psyche
  9096 | D:9      | Killed Psyche
  9097 | D:9      | Reached skill level 10 in Throwing
  9195 | D:9      | XOM: divination: detect creatures
  9317 | D:9      | XOM: cloud trail
  9543 | D:10     | Entered Level 10 of the Dungeon
  9567 | D:10     | XOM: noise
  9835 | D:10     | Noticed Gastronok
  9839 | D:10     | XOM: noise
  9845 | D:10     | XOM: cast spell 'Call Canine Familiar'
  9852 | D:10     | Killed Gastronok
  9873 | D:10     | Reached XP level 11. HP: 81/97 MP: 10/10
 10064 | D:10     | XOM: potion effect (haste)
 10065 | D:10     | Reached skill level 11 in Throwing
 10077 | D:10     | XOM: enchant monster (good)
 10269 | D:10     | XOM: 1-stop teleportation journey
 10376 | D:10     | Found an iron altar of Okawaru.
 10377 | D:10     | Found a blossoming altar of Fedhas.
 10377 | D:10     | Found a shimmering blue altar of Sif Muna.
 10378 | D:10     | Found a stormy altar of Qazlal.
 10378 | D:10     | Found a shadowy altar of Dithmenos.
 10378 | D:10     | Found a hide-covered altar of Uskayaw.
 10378 | D:10     | Noticed Lodul
 10380 | D:10     | XOM: confuse monster(s)
 10381 | D:10     | Reached skill level 10 in Unarmed Combat
 10381 | D:10     | Killed Lodul
 10394 | D:10     | Found a runed translucent door.
 10394 | D:10     | Found a sacrificial altar of Ru.
 10394 | D:10     | Noticed caveywoolpert's ghost (novice HOFi)
 10404 | D:10     | XOM: cast spell 'Cause Fear'
 10704 | D:10     | Reached skill level 10 in Fighting
 10979 | D:10     | XOM: silly message
 10995 | D:10     | XOM: divination: detect creatures
 11330 | Lair:1   | Entered Level 1 of the Lair of Beasts
 11416 | Lair:1   | XOM: potion effect (haste)
 11456 | Lair:1   | XOM: divination: magic mapping
 11512 | Lair:1   | XOM: potion effect (brilliance)
 11874 | Lair:1   | Reached skill level 12 in Throwing
 12233 | Lair:1   | XOM: cast spell 'Summon Hydra'
 12238 | Lair:1   | Noticed a death yak
 12238 | Lair:1   | Noticed a death yak
 12238 | Lair:1   | Noticed a death yak
 12239 | Lair:1   | Noticed a death yak
 12732 | Lair:1   | Noticed a six-headed hydra
 12749 | Lair:1   | Killed a six-headed hydra
 13049 | Lair:1   | XOM: confuse monster(s)
 13050 | Lair:1   | XOM: silly message
 13059 | Lair:1   | Killed a death yak
 13060 | Lair:1   | Reached XP level 12. HP: 108/108 MP: 11/11
 13068 | Lair:1   | Killed a death yak
 13203 | Lair:1   | XOM is BORED!
 13203 | Lair:1   | XOM: summons 4 hostile shadow creatures
 13644 | Lair:1   | XOM: summons friendly quasit
 14027 | Lair:1   | XOM: confuse monster(s)
 14032 | Lair:1   | Killed a death yak
 14033 | Lair:1   | Killed a death yak
 14484 | Lair:2   | Reached skill level 13 in Throwing
 14520 | Lair:2   | XOM: blink monster(s)
 14523 | Lair:2   | XOM: enchant monster (good)
 14523 | Lair:2   | XOM: smoke on damage
 14530 | Lair:2   | XOM: cast spell 'Summon Dragon'
 14577 | Lair:2   | XOM: silly message
 15039 | Lair:2   | XOM: noise
 15523 | Lair:2   | Found a staircase to the Shoals.
 15853 | Lair:3   | Noticed Kirke
 15866 | Lair:3   | XOM: potion effect (heal wounds)
 15883 | Lair:3   | Killed Kirke
 15950 | Lair:3   | XOM is BORED!
 15950 | Lair:3   | XOM: enchant monster (bad)
 15956 | Lair:3   | XOM: noise
 16377 | Lair:3   | Found a staircase to the Snake Pit.
 16377 | Lair:3   | XOM: blink monster(s)
 16404 | Lair:3   | Reached skill level 14 in Throwing
 16404 | Lair:3   | Reached XP level 13. HP: 93/117 MP: 8/12
 16409 | Lair:3   | XOM: chaos upgrade
 16410 | Lair:3   | HP: 5/117 [constriction (4)]
 16411 | Lair:3   | HP: 2/117 [naga/+0 long sword of holy wrath (3)]
 16411 | Lair:3   | Mangled by a naga

Illustrated notes

Levels and vault maps discovered:
D:1:      minmay_arrival_statue_studded, layout_rooms
D:2:      layout_rooms, hellmonk_ecumenical_altar_slurped_away
D:3:      minmay_angry_zag, layout_basic, pdpol_wu_jian_five_deadly_venoms
D:4:      nicolae_cairo_tiling_large, layout_cave_pools,
          mainiacjoe_overflow_concentric_impassable, uniq_eustachio
D:5:      layout_cave_pools, makhleb_heckhound_becter, serial_gnoll_camp,
          gnoll_camp_mini_shop, gnoll_camp_huts_moat, gnoll_camp_mini_loothouse,
          grums_kennel, gnoll_camp_mini_basic
D:6:      layout_gridville, lemuel_coloured_pillars_altar,
          minmay_temple_entry_glassed_door, serial_shops,
          nicolae_shop_window_shopping, serial_bayou, serial_bayou_shore_a,
          serial_bayou_lagoon_a, serial_bayou_shore_b, serial_bayou_lagoon_b,
          uniq_blork_the_orc
D:7:      layout_basic, mainiacjoe_overflow_alcove_1, nicolae_vehumet_radiance,
          grunt_decor_one_mirror, nicolae_benzene_ring
D:8:      layout_loops_cross, lair_entry_dummy, nicolae_hexahallways,
          nrook_mini_vaults
D:9:      layout_loops_ring, uniq_psyche
D:10:     layout_loops_ring, grunt_temple_overflow_open, serial_bayou,
          serial_bayou_crossing, serial_bayou_pond_c, serial_bayou_ford_a,
          serial_bayou_pond_a, gammafunk_ghost_grave, uniq_lodul,
          uniq_gastronok, uniq_grum
Temple:   nicolae_temple_figure_zero
Lair:1:   layout_cave_pods, infiniplex_staircase_pool
Lair:2:   hellmonk_ruined_rings, layout_concentric_octagons,
          minmay_shoals_entry_hut
Lair:3:   wander_river, layout_regular_city, minmay_snake_entry_guardpost_small,
          dpeg_oklob_1, uniq_kirke

Skill      XL: |  1  2  3  4  5  6  7  8  9 10 11 12 |
---------------+-------------------------------------+-----
Throwing       | 2 3 4 5 7 9 10 12 14 | 14.0
Dodging        | 3 |  3.0
Fighting       | 3 4 5 6 7 9 10 11 | 11.9
Unarmed Combat | 4 5 6 8 9 10 12 | 12.1

Action                   |  1- 3 |  4- 6 |  7- 9 | 10-12 | 13-15 || total
-------------------------+-------+-------+-------+-------+-------++-------
Melee: Unarmed           |    80 |    95 |   289 |   615 |     3 ||  1082
       Punch             |     1 |     1 |    11 |    48 |       ||    61
Throw: Stone             |     8 |    12 |    11 |       |       ||    31
       Dart              |       |    19 |     4 |    22 |     1 ||    46
       Throwing net      |       |     3 |     1 |     2 |       ||     6
       Javelin           |       |     1 |     1 |    15 |       ||    17
       Boomerang         |       |       |    39 |    79 |       ||   118
Evoke: Wand              |       |     3 |    14 |     9 |       ||    26
  Use: Scroll            |     3 |     1 |     7 |    17 |     1 ||    29
       Potion            |       |       |     1 |    19 |       ||    20
 Stab: Invisible         |       |     4 |       |       |       ||     4
       Distracted        |       |       |       |     1 |       ||     1
Armor: Ring mail         |    19 |    37 |    72 |    10 |       ||   138
       Scale mail        |       |       |       |   233 |     1 ||   234
Dodge: Dodged            |    35 |    47 |   188 |   417 |     6 ||   693
